cohdb
Replays
Latest Replays
All Replays
Popular Replays
Top Player Replays
Match Explorer
How It Works
Community
CoH3 Stats
Reddit
Sign in to upload your games and track your stats! →
Sign in with Steam
Match 25552465
Unlisted
Match 25552465
Overview
Messages
Build Orders
End
Panzergrenadier Squad
Panzergrenadier Squad
Panzerpioneer Squad
Construct Light Support Kompanie
Assault Grenadier Squad
Assault Grenadier Squad
Fire Support Elements
Pak 38 Mechanized Group
Panzerjäger Squad
Panzerjäger Squad
Construct Panzerarmee Kommand
Armored Reserves
Panzer IV Assault Group
2.5-tonne Medical Truck
Selects Armored Support Battlegroup
Selects Salvage Kits
Selects Panzer Storm
Selects Stuka Anti-tank Loiter
Stuka Anti-tank Loiter
Selects Veteran Gunners
Selects Flammpanzer III Medium Tank Sd.Kfz. 141
2.5-tonne Medical Truck
Advanced Field Repairs
Tiger Heavy Tank
Tungsten Core Ammunition
Walking Stuka Rocket Launcher
Stuka Anti-tank Loiter
Panzerpioneer Squad
Panzer IV Assault Group
Stuka Anti-tank Loiter
Panzerpioneer Squad
Selects Battlefield Salvage
Vehicle Survival Package
Panzerpioneer Squad
Panzer IV Assault Group
Panzerpioneer Squad
Panzerjäger Squad
Panzerjäger Squad
Stuka Anti-tank Loiter
Panzer IV Assault Group
Dr.Karl
HerrDirektor
SneaKerz
gb_gbg
0
0
Comments
sign in to comment!
No comments posted yet!